 Dungeon Crawl Stone Soup version 0.31-a0-731-ga75f04deac (webtiles) character file.

Game seed: 1950971614604382467

52837 Ivernyr the Thaumaturge (level 15, -2/118 HPs)
             Began as a Djinni Ice Elementalist on Sept 12, 2023.
             Was a High Priest of Ashenzari.
             Slain by an ice devil (19 damage)
             ... summoned by an orc high priest
             ... on level 2 of the Orcish Mines.
             The game lasted 01:47:32 (18522 turns).

Ivernyr the Thaumaturge (Djinni Ice Elementalist)  Turns: 18522, Time: 01:47:33

Health: -2/118     AC: 19    Str:  7    XL:     15   Next: 7%
Gold:   1349       EV: 20    Int: 30    God:    Ashenzari [*****.] SH:  0 Dex: 20

rFire   + + .        e - +5 whip of the Esoteric Sybil {Melee, Range} (curse)
rCold   x . .        (no shield)
rNeg    . . .        K - +0 troll leather armour of the Eye in the Sky {Regen+, Cun, Comp} (curse)
rPois   ∞            B - +0 helmet "Sorrow of Ashenzari" {Elem, Range} (curse)
rElec   .            b - +1 cloak of the Visionary Ether {rCorr, Comp, Bglg} (curse)
rCorr   +            w - +0 pair of gloves "Shackled Bad Feelings" {Melee, Bglg} (curse)
SInv    +            (boots unavailable)
Will    .....        (no amulet)
Stlth   +++          O - ring of Ouranomancy {Dex+6, Comp, Cun} (curse)
HPRegen 1.19/turn    y - ring of Ashenzari's Suspicion {Int+6, Elem, Self} (curse)
MPRegen 0.00/turn

%: clarity, infuse magic (-3 HP)
@: ice-armoured, weak-willed, freezing walls, flying
A: sickness immunity, fire resistance 2, cold vulnerability 1, float, innate
caster, HP casting, extra vitality 1
a: Renounce Religion, Curse Item, Shatter the Chains


You were on level 2 of the Orcish Mines.
You worshipped Ashenzari.
Ashenzari was extremely pleased with you.
You visited 4 branches of the dungeon, and saw 19 of its levels.

You collected 1349 gold pieces.

Inventory:

Hand Weapons
 e - the cursed +5 whip of the Esoteric Sybil (weapon) {Melee, Range}
   (You took it off a kobold brigand on level 9 of the Dungeon)

   It has a curse which improves the following skills: Melee Combat: Short
   Blades, Long Blades, Axes, Maces & Flails, Polearms, Staves and Unarmed
   Combat.
   Ranged Combat: Ranged Weapons and Throwing.
Armour
 a - +0 steam dragon scales
 b - the cursed +1 cloak of the Visionary Ether (worn) {rCorr, Comp, Bglg}
   (You found it on level 8 of the Dungeon)

   It has a curse which improves the following skills: Companions: Summonings
   and Necromancy.
   Beguiling: Conjurations, Hexes and Translocations.
 w - the cursed +0 pair of gloves "Shackled Bad Feelings" (worn) {Melee, Bglg}
   (You found it on level 8 of the Dungeon)

   It has a curse which improves the following skills: Melee Combat: Short
   Blades, Long Blades, Axes, Maces & Flails, Polearms, Staves and Unarmed
   Combat.
   Beguiling: Conjurations, Hexes and Translocations.
 B - the cursed +0 helmet "Sorrow of Ashenzari" (worn) {Elem, Range}
   (You found it on level 7 of the Dungeon)

   It has a curse which improves the following skills: Elements: Fire Magic, Ice
   Magic, Air Magic and Earth Magic.
   Ranged Combat: Ranged Weapons and Throwing.
 K - the cursed +0 troll leather armour of the Eye in the Sky (worn) {Regen+, Cun, Comp}
   (You found it on level 9 of the Dungeon)

   Regen+:    It increases your rate of health regeneration.
   It has a curse which improves the following skills: Cunning: Dodging and
   Stealth.
   Companions: Summonings and Necromancy.
Jewellery
 p - a ring of protection from cold
 x - a +6 ring of strength
 y - the cursed ring of Ashenzari's Suspicion (right hand) {Int+6, Elem, Self}
   (You found it on level 7 of the Dungeon)

   [ring of intelligence]

   Int+6:     It affects your intelligence (+6).
   It has a curse which improves the following skills: Elements: Fire Magic, Ice
   Magic, Air Magic and Earth Magic.
   Introspection: Fighting and Spellcasting.
 z - a ring of resist corrosion
 C - a ring of protection from cold
 O - the cursed ring of Ouranomancy (left hand) {Dex+6, Comp, Cun}
   (You found it on level 11 of the Dungeon)

   [ring of dexterity]

   Dex+6:     It affects your dexterity (+6).
   It has a curse which improves the following skills: Companions: Summonings
   and Necromancy.
   Cunning:   Dodging and Stealth.
 S - a +4 ring of protection
Talismans
 l - a serpent talisman
 I - a blade talisman
Wands
 n - a wand of charming (6)
 A - a wand of iceblast (32)
 J - a wand of digging (6)
 P - a wand of flame (23)
 T - a wand of polymorph (1)
Scrolls
 c - 13 scrolls of identify
 d - 4 scrolls of teleportation
 f - 2 scrolls of silence
 g - a scroll of fear
 h - a scroll of blinking
 j - 3 scrolls of brand weapon
 k - 3 scrolls of amnesia
 q - 4 scrolls of immolation
 r - 3 scrolls of revelation
 t - 3 scrolls of torment
 u - 3 scrolls of enchant armour
 E - 2 scrolls of noise
 F - 3 scrolls of enchant weapon
 G - a scroll of butterflies
 M - 2 scrolls of fog
Potions
 i - 3 potions of resistance
 m - a potion of heal wounds
 o - a potion of mutation
 s - 2 potions of magic
 v - 4 potions of lignification
 D - 2 potions of might
 H - 2 potions of haste
 L - a potion of invisibility
 N - a potion of ambrosia
 Q - a potion of curing
 R - a potion of berserk rage


   Skills:
 + Level 12.8(14.8) Fighting
 + Level 8.8 Armour
 - Level 10.5(13.6) Dodging
 - Level 1.5(3.6) Stealth
 * Level 13.9(16.0) Spellcasting
 * Level 13.9(17.0) Conjurations
 * Level 13.9(17.0) Hexes
 * Level 13.9(18.0) Summonings
 * Level 13.9(18.0) Necromancy
 * Level 13.9(17.0) Translocations
 * Level 13.9 Transmutations
 * Level 13.9(17.0) Fire Magic
 * Level 13.9(17.0) Ice Magic
 * Level 13.9(17.0) Air Magic
 * Level 13.9(17.0) Earth Magic
 * Level 13.9 Poison Magic


You knew the following spells:

 Your Spells              Type           Power      Damage    Failure   Level
a - Freeze                Ice            100%       1d10      0%          1
b - Frozen Ramparts       Ice            100%       1d16      0%          3
c - Ozocubu's Armour      Ice            90%        N/A       0%          3
d - Summon Ice Beast      Ice/Summ       92%        N/A       1%          4
e - Sting                 Tmut/Pois      100%       1d8       0%          1
f - Jinxbite              Hex            100%       N/A       0%          2
g - Call Imp              Summ           100%       N/A       0%          2
h - Summon Lightning Spi  Summ/Air       92%        N/A       1%          4
i - Borgnjor's Vile Clut  Necr/Erth      46%        N/A       1%          5
j - Lee's Rapid Deconstr  Erth           45%        3d22*     1%          5
k - Death Channel         Necr           46%        N/A       1%          6
Your spell library was empty.

Dungeon Overview and Level Annotations

Branches:
Dungeon (11/15)            Temple (1/1) D:4            Lair (5/5) D:9
  Swamp (0/4) Lair:2       Spider (0/4) Lair:2        Slime (0/5) Lair:4
    Orc (2/2) D:11            Elf (0/3) Orc:2

Altars:
Ashenzari
Cheibriados
Dithmenos
Elyvilon
Fedhas
Gozag
Hepliaklqana
Makhleb
Nemelex Xobeh
Okawaru
Qazlal
Ru
Trog
Uskayaw
Wu Jian
Xom
Yredelemnul
Zin
The Shining One

Shops:
D:7 *

Annotations:
D:8 2 transporters, paps's ghost, novice OpFi


Innate Abilities, Weirdness & Mutations

You are immune to sickness and miasma.
You are immune to poison.
Your flesh is very heat resistant. (rF++)
You are vulnerable to cold. (rC-)
You float through the air rather than walking.
You learn spells naturally, not from books.
Your magical power is your life essence.
You have superior vitality. (+4 MHP)


Message History

The bolt of electricity hits the ice devil!
The bolt of electricity hits the orc knight!
The orc knight dies!
Casting: Summon Lightning Spire (safe; 1% risk of failure)
Confirm with . or Enter, or press ? or * to list all spells.
Casting: Frozen Ramparts (safe; 0% risk of failure)
Press: ? - help, Dir - look around, f - activate The walls around you are covered in ice.
* * * LOW HITPOINT WARNING * * *
The wall freezes the orc high priest!
The orc high priest prays to Beogh.
Send 'em back where they came from!
Your lightning spire disappears in a puff of smoke!
Casting: Frozen Ramparts (safe; 0% risk of failure)
Confirm with . or Enter, or press ? or * to list all spells.
An electric hum fills the air.
* * * LOW HITPOINT WARNING * * *
The wall freezes the orc high priest.
Casting: Summon Lightning Spire (safe; 1% risk of failure)
Confirm with . or Enter, or press ? or * to list all spells.
A film of ice covers your body!
* * * LOW HITPOINT WARNING * * *
The ice devil completely resists.
The wall freezes the ice devil but does no damage.
The ice devil closely misses you.
The wall freezes the chaos spawn.
Casting: Ozocubu's Armour (safe; 0% risk of failure)
Confirm with . or Enter, or press ? or * to list all spells.
Aiming: Sting (safe; 0% risk of failure)
Press: ? - help, Shift-Dir - straight line, f - orc high priest
Aim: an orc high priest, wielding a +0 dire flail (severely wounded, strong, ally target, 72% to hit)
The sting hits the orc high priest.
The orc high priest is poisoned.
The orc high priest is almost dead.
* * * LOW HITPOINT WARNING * * *
The orc warrior seems to regain its courage.
The ice devil completely resists.
The wall freezes the ice devil but does no damage.
The ice devil hits you!
* * * LOW HITPOINT WARNING * * *
The ice devil freezes you!!
You feel a terrible chill!
You die...

..,,,,##.#*#.........*,**
..,,....o.##.o......,,,,*
..,....#o#..........,...,
..........{...$....,,...,
.........o.......#*,...,,
#*,..............#,...,.,
#**,#...........#*#.#...,
##**#.......{..###......,
.####.o.......##@.#.....^
.#..........)o)4.8.#,,,,,
............)..4o.#.....,
.#.........T............*
.............#.........#,
...>.......###.........#*
.........###*#.o........*
.....#T..# *...........,
....###.## ##.#...#$##.*


You could see an orc high priest (strong, poisoned, ally target), an ice devil
(summoned), a troll, a chaos spawn (summoned), an orc warrior, an orc (strong)
and a friendly lightning spire (summoned).

Vanquished Creatures
  3 hydras
  Erolcha (D:9)
  2 catoblepae (Lair:5)
  A two-headed ogre (D:11)
  4 death yaks (Lair:5)
  Nergalle (Lair:3)
  A lindwurm (Lair:3)
  Pikel (D:8)
  A manticore (Lair:5)
  Joseph (D:10)
  14 elephants
  5 black mambas
  10 cane toads
  A kobold demonologist (D:9)
  A rime drake (Lair:5)
  Maggie (Lair:2)
  11 komodo dragons
  2 trolls (D:9)
  A tyrant leech (Lair:2)
  Prince Ribbit (D:9)
  A hornet (D:9)
  11 blink frogs
  A polar bear (Lair:3)
  4 dream sheep (Lair:5)
  A shadow (D:11)
  A slime creature (Lair:4)
  20 yaks
  2 steam dragons
  A wraith (D:11)
  A basilisk (Lair:3)
  5 wyverns
  2 humans (D:8)
  A redback (Lair:2)
  A warg (Orc:2)
  2 swamp worms (Lair:2)
  An acid dragon (D:10)
  14 water moccasins
  An ice beast (D:5)
  4 orc warriors
  A sky beast (D:8)
  4 ogres
  3 centaurs
  7 wolves
  A lemure (D:8)
  A phantom (D:4)
  4 kobold brigands
  7 bullfrogs
  Blork the orc (D:4)
  2 scorpions
  9 wights
  7 killer bees
  An electric eel (D:9)
  2 howler monkeys (D:9)
  4 crimson imps (D:7)
  4 hounds
  3 jellies (Lair:4)
  4 orc priests
  Jessica (D:2)
  5 iguanas
  17 orc wizards
  A sleepcap (D:8)
  3 ogre zombies (D:11)
  A gnoll (D:1)
  6 adders
  A shadow imp (D:7)
  3 white imps (D:5)
  An ufetubus (D:5)
  2 worms
  4 dart slugs
  45 orcs
  14 endoplasms
  A giant cockroach (D:4)
  11 hobgoblins
  4 jackals (D:2)
  9 kobolds
  4 quokkas
  15 ball pythons
  6 bats
  5 frilled lizards
  10 goblins
  A hobgoblin skeleton (D:11)
  An orc skeleton (D:11)
  3 orc zombies (D:11)
  8 rats
384 creatures vanquished.

Vanquished Creatures (collateral kills)
  Nessos (Lair:5)
  5 catoblepae
  2 boulder beetles
  2 death yaks (Lair:5)
  A two-headed ogre (D:9)
  2 orc knights
  2 orc sorcerers
  A manticore (Lair:5)
  Maurice (D:9)
  3 elephants (Lair:3)
  A cane toad (Lair:1)
  A rime drake (Lair:2)
  3 komodo dragons
  A polar bear (Lair:4)
  A troll (Orc:2)
  3 blink frogs (Lair:5)
  A dream sheep (Lair:5)
  12 yaks
  2 acid dragons (D:9)
  A warg (Orc:2)
  2 orc warriors
  A black bear (D:5)
  8 wolves
  2 phantoms (D:11)
  A troll zombie (D:11)
  An orc priest (D:11)
  4 orc wizards
  4 ogre zombies (D:11)
  An adder (D:5)
  3 orcs
  3 goblin skeletons (D:11)
  4 goblin zombies (D:11)
  A hobgoblin skeleton (D:11)
  3 orc skeletons (D:11)
  8 orc zombies (D:11)
92 creatures vanquished.

Grand Total: 476 creatures vanquished

Notes
Turn   | Place    | Note
-------+----------+-------------------------------------------
     0 | D:1      | Ivernyr the Djinni Ice Elementalist began the quest for the
                  | Orb.
     0 | D:1      | Ivernyr set off with the following spells memorised:
                  | Freeze, Frozen Ramparts, Ozocubu's Armour, Summon Ice
                  | Beast.
     0 | D:1      | Reached XP level 1. HP: 15/15 MP: 0/0
    90 | D:1      | Reached XP level 2. HP: 7/22 MP: 0/0
   211 | D:1      | Found a faded altar of an unknown god.
   226 | D:1      | Reached XP level 3. HP: 21/26 MP: 0/0
   226 | D:1      | Learned a level 1 spell: Sting
   320 | D:1      | Reached skill level 1 in Fighting
   942 | D:2      | Noticed Jessica
   948 | D:2      | Killed Jessica
   949 | D:2      | Reached XP level 4. HP: 29/32 MP: 0/0
  1286 | D:2      | Reached XP level 5. HP: 33/38 MP: 0/0
  1286 | D:2      | Learned a level 2 spell: Jinxbite
  2251 | D:4      | Noticed a water moccasin
  2260 | D:4      | Killed a water moccasin
  2261 | D:4      | Reached XP level 6. HP: 27/45 MP: 0/0
  2362 | D:4      | Reached XP level 7. HP: 14/50 MP: 0/0
  2362 | D:4      | Learned a level 2 spell: Call Imp
  2693 | D:4      | Found a hazy altar of Hepliaklqana.
  2750 | D:4      | Found a staircase to the Ecumenical Temple.
  2777 | Temple   | Entered the Ecumenical Temple
  3055 | D:4      | Noticed Blork the orc
  3063 | D:4      | Killed Blork the orc
  3064 | D:4      | Reached skill level 5 in Spellcasting
  3064 | D:4      | Reached skill level 5 in Conjurations
  3064 | D:4      | Reached skill level 5 in Hexes
  3064 | D:4      | Reached skill level 5 in Summonings
  3064 | D:4      | Reached skill level 5 in Necromancy
  3064 | D:4      | Reached skill level 5 in Translocations
  3064 | D:4      | Reached skill level 5 in Transmutations
  3064 | D:4      | Reached skill level 5 in Fire Magic
  3064 | D:4      | Reached skill level 5 in Ice Magic
  3064 | D:4      | Reached skill level 5 in Air Magic
  3064 | D:4      | Reached skill level 5 in Earth Magic
  3064 | D:4      | Reached skill level 5 in Poison Magic
  3562 | D:5      | Entered Level 5 of the Dungeon
  3603 | D:5      | Found a glowing golden altar of the Shining One.
  4082 | D:5      | Reached XP level 8. HP: 54/58 MP: 0/0
  4111 | D:5      | Reached skill level 5 in Dodging
  5286 | D:6      | Found a white marble altar of Elyvilon.
  5291 | D:6      | Became a worshipper of Elyvilon the Healer
  5329 | D:6      | Elyvilon protects you from harm!
  5759 | D:6      | Reached skill level 5 in Fighting
  5759 | D:6      | Reached XP level 9. HP: 57/65 MP: 0/0
  5759 | D:6      | Learned a level 4 spell: Summon Lightning Spire
  5759 | D:6      | Reached * piety under Elyvilon
  6894 | D:7      | Found a shimmering altar of Xom.
  6978 | D:7      | Reached ** piety under Elyvilon
  7400 | D:7      | Found Deojor Xicw's Elemental Accessories.
  7531 | D:8      | Noticed a green ugly thing
  7535 | D:8      | Found a transporter.
  7537 | D:8      | Noticed a brown ugly thing
  7556 | D:8      | Noticed paps's ghost (novice OpFi)
  7650 | D:8      | Found a transporter.
  7767 | D:8      | Found an iron altar of Okawaru.
  7781 | D:8      | Reached XP level 10. HP: 22/73 MP: 0/0
  8073 | D:8      | Noticed Pikel
  8082 | D:8      | Killed Pikel
  8227 | D:8      | Noticed a boulder beetle
  8241 | D:8      | Killed a boulder beetle
  8459 | D:9      | Noticed Erolcha
  8471 | D:9      | Killed Erolcha
  8627 | D:9      | Noticed a two-headed ogre
  8629 | D:9      | Noticed Maurice
  8635 | D:9      | Killed a two-headed ogre
  8636 | D:9      | Reached XP level 11. HP: 68/81 MP: 0/0
  8636 | D:9      | Learned a level 5 spell: Borgnjor's Vile Clutch
  8640 | D:9      | Killed Maurice
  8770 | D:9      | Found a broken altar of Ashenzari.
  8771 | D:9      | Reached *** piety under Elyvilon
  8793 | D:9      | Fell from the grace of Elyvilon
  8793 | D:9      | Became a worshipper of Ashenzari the Shackled
  8830 | D:9      | Noticed Prince Ribbit
  8868 | D:9      | Killed Prince Ribbit
  9164 | D:9      | Found a staircase to the Lair.
  9754 | D:9      | Noticed a soul eater
  9934 | D:2      | Reached skill level 10 in Spellcasting
  9934 | D:2      | Reached skill level 10 in Conjurations
  9934 | D:2      | Reached skill level 10 in Hexes
  9934 | D:2      | Reached skill level 10 in Summonings
  9934 | D:2      | Reached skill level 10 in Necromancy
  9934 | D:2      | Reached skill level 10 in Translocations
  9934 | D:2      | Reached skill level 10 in Transmutations
  9934 | D:2      | Reached skill level 10 in Fire Magic
  9934 | D:2      | Reached skill level 10 in Ice Magic
  9934 | D:2      | Reached skill level 10 in Air Magic
  9934 | D:2      | Reached skill level 10 in Earth Magic
  9934 | D:2      | Reached skill level 10 in Poison Magic
 10094 | D:10     | Entered Level 10 of the Dungeon
 10143 | D:10     | Noticed Joseph
 10154 | D:10     | Killed Joseph
 10411 | D:10     | Found a stormy altar of Qazlal.
 10446 | D:10     | Found an opulent altar of Gozag.
 10501 | D:10     | Reached skill level 10 in Dodging
 10694 | D:10     | Found an ornate altar of the Wu Jian Council.
 10728 | D:10     | Found a hide-covered altar of Uskayaw.
 10819 | D:10     | Found a burning altar of Makhleb.
 11215 | D:11     | Noticed a boulder beetle
 11226 | D:11     | Killed a boulder beetle
 11312 | D:11     | Noticed a two-headed ogre
 11326 | D:11     | Killed a two-headed ogre
 11327 | D:11     | Reached XP level 12. HP: 46/89 MP: 0/0
 11413 | D:11     | Reached * piety under Ashenzari
 11909 | D:11     | Found a staircase to the Orcish Mines.
 12179 | Lair:1   | Entered Level 1 of the Lair of Beasts
 12201 | Lair:1   | Reached skill level 1 in Armour
 12289 | Lair:1   | Reached ** piety under Ashenzari
 12608 | Lair:1   | Reached *** piety under Ashenzari
 12746 | Lair:1   | Noticed a catoblepas
 12763 | Lair:1   | Killed a catoblepas
 13023 | Lair:1   | Reached skill level 10 in Fighting
 13082 | Lair:1   | Noticed a catoblepas
 13105 | Lair:1   | Killed a catoblepas
 13198 | Lair:1   | Identified the +0 pair of gloves of Going Fast {rF- Will+
                  | rCorr}
 13506 | Lair:2   | Noticed Maggie
 13513 | Lair:2   | Killed Maggie
 13559 | Lair:2   | Found a staircase to the Swamp.
 13655 | Lair:2   | Noticed a six-headed hydra
 13662 | Lair:2   | Reached XP level 13. HP: 96/100 MP: 0/0
 13662 | Lair:2   | Learned a level 5 spell: Lee's Rapid Deconstruction
 13671 | Lair:2   | Killed a six-headed hydra
 13829 | Lair:2   | Found a hole to the Spider Nest.
 14251 | Lair:2   | Reached skill level 5 in Armour
 14302 | Lair:2   | Reached **** piety under Ashenzari
 14636 | Lair:3   | Noticed Nergalle
 14678 | Lair:3   | Killed Nergalle
 15613 | Lair:4   | Reached ***** piety under Ashenzari
 15748 | Lair:4   | Noticed a seven-headed hydra
 15752 | Lair:4   | Killed a seven-headed hydra
 15906 | Lair:4   | Noticed a catoblepas
 15941 | Lair:4   | Killed a catoblepas
 16079 | Lair:4   | Found a staircase to the Slime Pits.
 16302 | Lair:4   | Reached XP level 14. HP: 99/111 MP: 0/0
 16587 | Lair:5   | Entered Level 5 of the Lair of Beasts
 16620 | Lair:5   | Noticed Nessos
 17044 | Lair:5   | Killed Nessos
 17655 | Lair:5   | Identified the Secrets of Attendants and Blasting
 18284 | Orc:1    | Entered Level 1 of the Orcish Mines
 18295 | Orc:1    | Reached XP level 15. HP: 109/118 MP: 0/0
 18295 | Orc:1    | Learned a level 6 spell: Death Channel
 18413 | Orc:2    | Entered Level 2 of the Orcish Mines
 18452 | Orc:2    | Found a staircase to the Elven Halls.
 18522 | Orc:2    | Slain by an ice devil

Illustrated notes

Levels and vault maps discovered:
D:1:      matt_arrival_grand_opening, layout_loops_ring,
          nicolae_ecumenical_snake_handling, eino_curves_01,
          minmay_strange_pillars
D:2:      layout_rooms, palyth_stone_intersect, moated_statue,
          minmay_goblin_kobold_house, uniq_jessica
D:3:      layout_basic, general_overflow_altar
D:4:      layout_basic, amcnicky_altar_gilded, minmay_temple_entry_large_hall,
          eino_small_chamber_without_monster, minmay_misc_feat_enclosed,
          uniq_blork_the_orc
D:5:      layout_basic, nicolae_tso_carved_into_rock,
          nicolae_sif_muna_condensation
D:6:      layout_layer_cave, mainiacjoe_overflow_alcove_2,
          minmay_misc_feat_ornament, minmay_holes
D:7:      layout_basic, led_xom_imps, nicolae_elemental_shop, chequers_avenue
D:8:      layout_gridville, okawaru_humans, gammafunk_ghost_arena, uniq_pikel
D:9:      layout_long_grid, mainiacjoe_overflow_small_starburst,
          erik_lair_dragon, hangedman_decor_growths, kennysheep_minor_cross,
          uniq_prince_ribbit1, uniq_maurice, uniq_erolcha
D:10:     layout_big_octagon, nicolae_overflow_crystal_walls,
          kennysheep_little_box, nicolae_gozag_seed_capital,
          mainiacjoe_overflow_swirl, uniq_joseph
D:11:     layout_gridville, zombieorc2_lemuel
Temple:   grunt_temple_mini_profane
Lair:1:   layout_cave_shapes, grunt_megastairs_1
Lair:2:   layout_loops_ring, minmay_swamp_entry_worms, spider_nest_entry_a,
          uniq_maggie
Lair:3:   layout_roguey, serial_bayou_shore_b, uniq_nergalle
Lair:4:   layout_regular_city, minmay_slime_entry_pillars, grunt_megastairs_4
Lair:5:   evilmike_catoblepas_cave, layout_gridlike, grunt_megastairs_3,
          uniq_nessos
Orc:1:    layout_caves
Orc:2:    st_orc_town, layout_diamond_mine

Skill      XL: |  1  2  3  4  5  6  7  8  9 10 11 12 13 14 |
---------------+-------------------------------------------+-----
Fighting       | 1 2 3 5 6 7 9 10 11 12 | 12.8
Dodging        | 3 4 6 7 9 10 | 10.5
Spellcasting   | 4 5 6 7 9 10 11 12 13 | 13.9
Conjurations   | 4 5 6 7 9 10 11 12 13 | 13.9
Hexes          | 4 5 6 7 9 10 11 12 13 | 13.9
Summonings     | 4 5 6 7 9 10 11 12 13 | 13.9
Necromancy     | 4 5 6 7 9 10 11 12 13 | 13.9
Translocations | 4 5 6 7 9 10 11 12 13 | 13.9
Transmutations | 4 5 6 7 9 10 11 12 13 | 13.9
Fire Magic     | 4 5 6 7 9 10 11 12 13 | 13.9
Ice Magic      | 4 5 6 7 9 10 11 12 13 | 13.9
Air Magic      | 4 5 6 7 9 10 11 12 13 | 13.9
Earth Magic    | 4 5 6 7 9 10 11 12 13 | 13.9
Poison Magic   | 4 5 6 7 9 10 11 12 13 | 13.9
Armour         | 4 6 8 |  8.8
Stealth        | |  1.5

Action                     |  1- 3 |  4- 6 |  7- 9 | 10-12 | 13-15 || total
---------------------------+-------+-------+-------+-------+-------++-------
  Melee: Spear             |     8 |    20 |    90 |       |       ||   118
         Unarmed           |     8 |       |       |       |       ||     8
         Punch             |       |       |     4 |     6 |    10 ||    20
         Flail             |       |       |    49 |    43 |       ||    92
         Short sword       |       |       |    32 |       |       ||    32
         Whip              |       |       |       |   197 |   362 ||   559
   Cast: Freeze            |    48 |    75 |    53 |    95 |    50 ||   321
         Frozen Ramparts   |       |     6 |    23 |    47 |    51 ||   127
         Ozocubu's Armour  |       |     3 |    11 |    24 |    19 ||    57
         Sting             |       |       |    27 |    20 |    11 ||    58
         Jinxbite          |       |       |    16 |     4 |     7 ||    27
         Call Imp          |       |       |     3 |     7 |    11 ||    21
         Summon Lightning  |       |       |     1 |    21 |    25 ||    47
         Lee's Rapid Decon |       |       |       |       |    30 ||    30
         Borgnjor's Vile C |       |       |       |       |     2 ||     2
 Invoke: Curse Item        |       |       |       |     5 |     2 ||     7
    Use: Potion            |       |     2 |     2 |     2 |     9 ||    15
         Scroll            |       |       |     1 |       |     3 ||     4
   Stab: Sleeping          |     1 |       |     3 |       |       ||     4
         Distracted        |       |       |       |     3 |     2 ||     5
 Armour: Robe              |    20 |    32 |   131 |    23 |       ||   206
         Troll leather arm |       |       |       |   224 |   343 ||   567
  Dodge: Dodged            |    27 |    42 |   160 |   279 |   529 ||  1037

Table legend: (Time is in decaauts)
 A = Elapsed time spent in this place.
 B = Non-inter-level travel time spent in this place.
 C = Inter-level travel time spent in this place.
 D = Time resting spent in this place.
 E = Time spent auto-exploring this place.
 F = Levels seen in this place.
 G = Mean time per level.
                   A        B        C        D        E       F      G
               +--------+--------+--------+--------+--------+-----+--------+
         Total |  18616 |  17632 |    984 |   2298 |  11112 |  19 |  979.8 |
       Dungeon |  12212 |  11433 |    779 |   1460 |   7559 |  11 | 1110.2 |
        Temple |    166 |    166 |      0 |      0 |     19 |   1 |  166.0 |
          Lair |   5996 |   5803 |    193 |    838 |   3417 |   5 | 1199.2 |
  Orcish Mines |    240 |    228 |     12 |      0 |    117 |   2 |  120.0 |
               +--------+--------+--------+--------+--------+-----+--------+

Top non-repeatable levels by time:
     D:6: 1837 daAuts
     D:9: 1556 daAuts
  Lair:5: 1479 daAuts
     D:5: 1429 daAuts
  Lair:1: 1345 daAuts
  Lair:3: 1219 daAuts
     D:4: 1188 daAuts
  Lair:4: 1079 daAuts
    D:10: 1058 daAuts
    D:11: 1024 daAuts
     D:1: 942 daAuts
     D:8: 923 daAuts
  Lair:2: 873 daAuts
     D:7: 830 daAuts
     D:2: 784 daAuts
